 Dungeon Crawl Stone Soup version 0.23.2-1-ga50397a (webtiles) character file.

Game seed: 2284962471603802459

241 myga the Cudgeler (level 6, -2/43 HPs)
             Began as a Formicid Chaos Knight on May 30, 2019.
             Was a Plaything of Xom.
             Slain by a bullfrog (4 damage)
             ... in a sewer.
             The game lasted 00:13:22 (2820 turns).

myga the Cudgeler (Formicid Chaos Knight)           Turns: 2820, Time: 00:13:23

Health: -2/43      AC:  8    Str: 22    XL:     6   Next: 30%
Magic:  6/6        EV:  9    Int: 11    God:    Xom [.*....]
Gold:   104        SH:  0    Dex: 12    Spells: 5/5 levels left

rFire    . . .     SeeInvis +   a - +1 mace (chaos)
rCold    . . .     Gourm    .   (no shield)
rNeg     . . .     Faith    .   b - +3 leather armour
rPois    .         Spirit   .   (helmet unavailable)
rElec    .         Reflect  .   (no cloak)
rCorr    .         Harm     .   (no gloves)
MR       .....     Clarity  +   (no boots)
Stlth    +.........             (no amulet)
HPRegen  0.14/turn              (no ring)
MPRegen  0.10/turn              (no ring)

@: mighty, lethally poisoned (-2 -> -7), constricted
A: permanent stasis, dig shafts and tunnels, four strong arms, antennae 3, thin
metallic scales 1, clarity, frail 1
a: Dig, Shaft Self, Renounce Religion


You were in a sewer.
You worshipped Xom.
You were a plaything of Xom.
You were not hungry.

You visited 1 branch of the dungeon, and saw 3 of its levels.
You also visited: Sewer.

You collected 104 gold pieces.

Inventory:

Hand Weapons
 a - a +1 mace of chaos (weapon)
Missiles
 g - 78 stones (quivered)
Armour
 b - a +3 leather armour (worn)
Scrolls
 d - a scroll of identify
 e - 2 scrolls of fog
 f - a scroll of fear {unknown}
 k - a scroll of blinking {unknown}
Potions
 c - 3 potions of brilliance
 i - a potion of curing {unknown}
 j - a potion of flight {unknown}
 l - a potion of cancellation {unknown}
 m - a potion of might
 n - a potion of magic {unknown}
Comestibles
 h - 13 chunks of flesh


   Skills:
 + Level 4.0 Fighting
 + Level 4.8 Maces & Flails
 + Level 1.4 Throwing
 + Level 3.2 Armour
 + Level 2.1 Dodging
 + Level 0.8 Stealth


You had 5 spell levels left.
You didn't know any spells.
Your spell library was empty.

Dungeon Overview and Level Annotations

Branches:
Dungeon (3/15)

Altars:
Okawaru
Uskayaw
Xom
Yredelemnul


Innate Abilities, Weirdness & Mutations

You cannot be hasted, slowed, berserked, paralysed or teleported.
You can dig through walls and to a lower floor.
Your four strong arms can wield two-handed weapons with a shield.
You have a pair of large antennae on your head. (SInv)
You are partially covered in thin metallic scales. (AC +2)
You possess an exceptional clarity of mind.
You are frail. (-10% HP)


Message History

The ball python bites you.
* * * LOW HITPOINT WARNING * * *
x2 The ball python constricts you.
You closely miss the adder.
You feel sick. The bullfrog hits you.
* * * LOW HITPOINT WARNING * * *
You emit a cloud of colourful smoke!
The adder bites you.
* * * LOW HITPOINT WARNING * * *
You are lethally poisoned!
The adder poisons you!
The bullfrog hits you but does no damage.
The ball python bites you but does no damage.
The bullfrog hits you but does no damage.
The ball python barely misses you.
* * * LOW HITPOINT WARNING * * *
The ball python constricts you.
The frilled lizard bites you but does no damage.
The adder bites you but does no damage. The bullfrog hits you.
You die...
Xom chuckles heartily!

#......#
#.....
#.(≈≈≈.#
##≈≈≈≈
#≈(≈≈≈≈#
#≈≈≈≈≈
#≈≈≈≈≈≈#
#≈≈≈≈≈
#≈≈≈≈≈≈#
#≈≈≈≈≈
#≈≈≈≈≈≈#
#≈≈≈≈≈
#≈l≈≈≈≈#
#≈≈≈≈≈
#SFF≈≈≈#
#≈≈≈≈≈
#≈@l≈≈≈#
#≈≈≈≈≈
#§SS≈≈≈#
#≈≈≈≈≈
#≈≈#≈≈≈#
#≈≈..≈
#≈#≈≈≈≈#
#≈≈≈≈≈
#≈≈≈≈≈≈#
#≈≈†≈≈
#≈≈≈≈≈≈#
#≈≈÷≈≈
#≈≈≈≈≈≈#
#≈÷≈÷≈
#≈≈≈≈≈≈#
#≈÷÷≈≈
#≈≈≈≈≈≈#####
#≈≈≈≈≈


You could see 2 bullfrogs, an adder, 2 ball pythons and 2 frilled lizards.

Vanquished Creatures
  8 adders
  7 river rats (Sewer)
  An ooze (Sewer)
  2 worms (D:2)
  A dart slug (D:2)
  A leopard gecko (D:1)
  8 ball pythons
  3 giant cockroaches
  13 goblins
  4 hobgoblins
  9 jackals
  5 bats
  6 frilled lizards
  7 kobolds
  28 rats
103 creatures vanquished.

Notes
Turn   | Place    | Note
-------+----------+-------------------------------------------
     0 | D:1      | myga the Formicid Chaos Knight began the quest for the Orb.
     0 | D:1      | Reached XP level 1. HP: 18/18 MP: 1/1
     1 | D:1      | XOM: divination: detect items
    91 | D:1      | XOM: silly message
   122 | D:1      | XOM: harmless Air miscast
   165 | D:1      | Reached XP level 2. HP: 17/24 MP: 2/2
   365 | D:1      | Reached skill level 1 in Dodging
   367 | D:1      | XOM: silly message
   510 | D:1      | Reached XP level 3. HP: 25/29 MP: 3/3
   901 | D:2      | XOM: cast spell 'Leda's Liquefaction'
   966 | D:2      | Reached XP level 4. HP: 23/37 MP: 4/4
  1178 | D:2      | Found a shimmering altar of Xom.
  1178 | D:2      | Found a shimmering altar of Xom.
  1299 | D:2      | Reached skill level 1 in Throwing
  1389 | D:2      | XOM: noise
  1425 | D:2      | Found an iron altar of Okawaru.
  1659 | D:2      | Found a basalt altar of Yredelemnul.
  1659 | D:2      | Found a hide-covered altar of Uskayaw.
  1731 | D:2      | XOM: give mutations
  1731 | D:2      | Gained mutation: Scrolls take you a little longer to read.
                  | [Xom's mischief]
  1731 | D:2      | Gained mutation: Armour fits poorly on your strangely
                  | shaped body. [Xom's mischief]
  1758 | D:2      | Reached XP level 5. HP: 34/42 MP: 5/5
  1838 | D:2      | XOM: noise
  1929 | D:2      | Lost mutation: Scrolls take you a little longer to read.
                  | [potion of mutation]
  1929 | D:2      | Lost mutation: Armour fits poorly on your strangely shaped
                  | body. [potion of mutation]
  1929 | D:2      | Gained mutation: You are frail. (-10% HP) [potion of
                  | mutation]
  1929 | D:2      | Gained mutation: You possess an exceptional clarity of
                  | mind. [potion of mutation]
  1929 | D:2      | Gained mutation: You are partially covered in thin metallic
                  | scales. (AC +2) [potion of mutation]
  2026 | D:3      | XOM: mild Fire miscast
  2042 | D:3      | Found a glowing drain.
  2050 | D:3      | Noticed a glowing shapeshifter
  2050 | D:3      | a ball python changed into a glowing shapeshifter
  2050 | D:3      | Noticed a dream sheep
  2050 | D:3      | a glowing shapeshifter changed into a dream sheep
  2051 | D:3      | XOM: potion effect (brilliance)
  2052 | D:3      | Noticed a swamp dragon
  2052 | D:3      | a dream sheep changed into a swamp dragon
  2056 | D:3      | Noticed a shock serpent
  2056 | D:3      | a swamp dragon changed into a shock serpent
  2059 | D:3      | XOM: enchant monster (good)
  2059 | D:3      | Noticed a shining eye
  2059 | D:3      | a shock serpent changed into a shining eye
  2060 | D:3      | Noticed a death drake
  2060 | D:3      | a shining eye changed into a death drake
  2062 | D:3      | XOM: enchant monster (bad)
  2063 | Sewer    | Entered a sewer
  2233 | Sewer    | XOM: divination: detect items
  2427 | Sewer    | XOM: confuse monster(s)
  2593 | Sewer    | XOM: scenery: create altars
  2594 | Sewer    | Reached XP level 6. HP: 39/43 MP: 6/6
  2820 | Sewer    | XOM: smoke on damage
  2820 | Sewer    | HP: 2/43 [ball python (1)]
  2820 | Sewer    | Slain by a bullfrog

Skill      XL: |  1  2  3  4  5  6 |
---------------+-------------------+-----
Dodging        | 1 2 |  2.1
Throwing       | 1 |  1.4
Maces & Flails | 4 |  4.8
Armour         | 3 |  3.2
Fighting       | 4 |  4.0
Stealth        | |  0.8

Action                   |  1- 3 |  4- 6 || total
-------------------------+-------+-------++-------
Melee: Mace              |    86 |   182 ||   268
Throw: Stone             |    26 |    50 ||    76
  Use: Scroll            |     1 |     5 ||     6
       Potion            |       |     5 ||     5
 Stab: Paralysed         |     1 |       ||     1
  Eat: Chunk             |       |     7 ||     7
Armor: Leather armour    |    36 |   103 ||   139
Dodge: Dodged            |    66 |   157 ||   223
